 Dungeon Crawl Stone Soup version 0.18-a0-327-gb1de508 (webtiles) character file.

29 Proton the Skirmisher (level 3, 0/29 HPs)
             Began as a Demonspawn Abyssal Knight on Nov 27, 2015.
             Was a Believer of Lugonu.
             Succumbed to Crazy Yiuf's poison
             ... on level 2 of the Dungeon.
             The game lasted 00:01:59 (780 turns).

Proton the Skirmisher (Demonspawn Abyssal Knight)    Turns: 780, Time: 00:02:00

Health: 0/29       AC:  5    Str: 13    XL:     3   Next: 1%
Magic:  5/5        EV:  8    Int: 13    God:    Lugonu [**....]
Gold:   35         SH:  8    Dex: 12    Spells: 0 memorised, 2 levels left

rFire  . . .     SeeInvis .     a - +1 falchion
rCold  + . .     Clarity  .     d - +2 leather armour {rC+}
rNeg   . . .     SustAt   .     h - +2 shield
rPois  .         Gourm    .     (no helmet)
rElec  .         Spirit   .     (no cloak)
rCorr  .         Warding  .     (no gloves)
rMut   .         Stasis   .     (no boots)
MR     .....                    (no amulet)
Stlth  +.........               (no ring)
                                (no ring)

@: lethally poisoned (0 -> -5), not resistant to hostile enchantments, very
unstealthy
A: powered by death 2
a: Depart the Abyss, Bend Space, Renounce Religion


You were on level 2 of the Dungeon.
You worshipped Lugonu.
Lugonu was pleased with you.
You were not hungry.

You visited 1 branch of the dungeon, and saw 2 of its levels.
You visited the Abyss 1 time.

You collected 35 gold pieces.

Inventory:

Hand Weapons
 a - a +1 falchion (weapon)
Armour
 d - a +2 leather armour of cold resistance (worn)
 h - a +2 shield (worn)
Jewellery
 m - a +4 ring of strength {unknown}
Scrolls
 e - a scroll of magic mapping {unknown}
 f - a scroll of recharging {unknown}
 i - 2 scrolls of remove curse {unknown}
 k - a scroll of teleportation {unknown}
 l - 2 scrolls of identify {unknown}
Potions
 b - a potion of heal wounds {unknown}
 j - a potion of haste {unknown}
Comestibles
 c - a bread ration
 g - a meat ration


   Skills:
 + Level 3.3 Fighting
 - Level 1.7 Long Blades
 + Level 2.2 Armour
 + Level 1.3 Dodging
 + Level 3.1 Invocations


You had 2 spell levels left.
You didn't know any spells.

Dungeon Overview and Level Annotations

Branches:
Dungeon (2/15)

Altars:

Annotations:
D:2 Crazy Yiuf


Innate Abilities, Weirdness & Mutations

You regenerate health from kills.


Message History

You are too injured to fight recklessly!
You are too injured to fight recklessly!
You are too injured to fight recklessly!
You are too injured to fight recklessly!
You are too injured to fight recklessly!
You barely miss Crazy Yiuf.
Crazy Yiuf is lightly wounded.
You feel sick. Crazy Yiuf hits you but does no damage.
You hit Crazy Yiuf but do no damage.
Crazy Yiuf is lightly wounded.
You feel sick. You block Crazy Yiuf's attack.
You closely miss Crazy Yiuf.
Crazy Yiuf is lightly wounded.
Crazy Yiuf hits you with a quarterstaff of chaos.
* * * LOW HITPOINT WARNING * * *
Crazy Yiuf burns you.
* * * LOW HITPOINT WARNING * * *
Your shield prevents you from hitting Crazy Yiuf.
Crazy Yiuf is lightly wounded.
You die...

#.###.).)#
##########.#
#...)#
.....<.....#
#...)#
#.....###.##
#...##
#.....# #.#
##.##
#.....###.#
#.##
.......(...
##.#
#######....
#.## ....#
##@# ....#
#g# #....#
... #...#
#..)# #####


You could see Crazy Yiuf.

Vanquished Creatures
  An adder (D:2)
  A giant gecko (D:1)
  A ball python (D:1)
  2 giant cockroaches (D:1)
  4 hobgoblins (D:1)
  3 kobolds (D:1)
  2 giant newts
  A goblin (D:1)
  6 rats (D:1)
21 creatures vanquished.

Notes
Turn   | Place    | Note
--------------------------------------------------------------
     0 | Abyss:1  | Proton the Demonspawn Abyssal Knight began the quest for the Orb.
     0 | Abyss:1  | Reached XP level 1. HP: 18/18 MP: 2/2
    28 | D:1      | Escaped the Abyss
    45 | D:1      | Reached skill level 1 in Dodging
   279 | D:1      | Gained mutation: You regenerate a little health from kills. [demonic ancestry]
   279 | D:1      | Reached XP level 2. HP: 24/24 MP: 4/4
   447 | D:1      | Reached ** piety under Lugonu
   747 | D:2      | Gained mutation: You regenerate health from kills. [demonic ancestry]
   747 | D:2      | Reached XP level 3. HP: 25/29 MP: 5/5
   770 | D:2      | Noticed Crazy Yiuf
   779 | D:2      | HP: 1/29 [Crazy Yiuf/quarterstaff of chaos (1)]
   780 | D:2      | Succumbed to Crazy Yiuf's poison

Vault maps used:
D:1:      mrwooster_arrival_statue_2
D:2:      uniq_natasha, uniq_crazy_yiuf_cottage
Abyss:1:  evilmike_abyss_exit_smiterflies

Action                   || total
-------------------------++-------
Melee: Falchion          ||    72
